 Dungeon Crawl Stone Soup version 0.28.0-47-ge53b351184 (webtiles) character file.

Game seed: 4864127091503209021

30 Kenran the Ruffian (level 3, 0/33 HPs)
             Began as a Minotaur Monk on May 4, 2022.
             Was a Follower of Ru.
             Slain by a worm (7 damage)
             ... on level 2 of the Dungeon.
             The game lasted 00:02:10 (800 turns).

Kenran the Ruffian (Minotaur Monk)                   Turns: 800, Time: 00:02:11

Health: 0/33       AC:  2    Str: 17    XL:     3   Next: 3%
Magic:  2/2        EV: 12    Int:  7    God:    Ru [*.....]
Gold:   107        SH:  0    Dex: 12    Spells: 2/2 levels left

rFire   . . .      SeeInvis .     - Unarmed
rCold   . . .      Faith    .   (no shield)
rNeg    . . .      Spirit   .   a - +0 robe
rPois   .          Reflect  .   (helmet restricted)
rElec   .          Harm     .   (no cloak)
rCorr   .          Rampage  .   (no gloves)
Will    .....                   (no boots)
Stlth   ++........              (no amulet)
HPRegen 0.11/turn               (no ring)
MPRegen 0.08/turn               (no ring)

@: no status effects
A: horns 2, no hexes magic, no poison magic, no summoning magic, retaliatory
headbutt
a: Renounce Religion


You were on level 2 of the Dungeon.
You worshipped Ru.
Ru was aware of your devotion.
You visited 1 branch of the dungeon, and saw 2 of its levels.

You collected 107 gold pieces.

Inventory:

Missiles
 e - 2 poisoned darts (quivered)
Armour
 a - a +0 robe (worn)
Jewellery
 h - a ring of ice
Scrolls
 b - a scroll of silence {unknown}
 d - a scroll of identify {unknown}
 f - a scroll of noise {unknown}
 g - a scroll of vulnerability {unknown}
Potions
 c - a potion of haste {unknown}


   Skills:
 - Level 4.0 Fighting
 - Level 3.2 Dodging
 - Level 1.5 Stealth
 * Level 4.4 Unarmed Combat


You had 2 spell levels left.
You didn't know any spells.
Your spell library contained the following spells:

 Spells                   Type           Power      Damage    Failure   Level
 Animate Skeleton         Necr           0%         N/A       43%         1
 Pain                     Necr           0%         1d4       43%         1
 Vampiric Draining        Necr           0%         2d6       80%         3


Dungeon Overview and Level Annotations

Branches:
Dungeon (2/15)

Altars:
Ru


Innate Abilities, Weirdness & Mutations

You have a pair of horns on your head.
You cannot study or cast Hexes magic.
You cannot study or cast Poison magic.
You cannot study or cast Summoning magic.
You reflexively headbutt those who attack you in melee.


Message History

You have reached level 3!
Your experience leads to an increase in your attributes!
Increase (S)trength, (I)ntelligence, or (D)exterity?
You feel stronger. x2
You see here a +0 spear.
You start resting.
HP restored.
There is a stone staircase leading down, spattered with blood here.
You climb downwards.
The ball python misses you. The ball python grabs you.
The ball python constricts you. The worm barely misses you.
The gnoll closely misses you. The gnoll hits you with a +0 whip!
There is a stone staircase leading up here.
You escape the ball python's grasp.
The ball python barely misses you. The ball python grabs you.
You stop ascending the stairs.
The ball python constricts you. The gnoll barely misses you.
The worm bites you! The gnoll hits you with a +0 whip.
The giant cockroach closely misses you.
You escape the ball python's grasp.
You redirect the gnoll's attack!
The gnoll hits the gnoll with a +0 whip.
The ball python misses you. The ball python grabs you.
The ball python constricts you. The worm closely misses you.
You furiously retaliate!
You headbutt the worm, but do no damage.
You escape the ball python's grasp.
The ball python misses you. The ball python closely misses you.
A bat comes into view.
The bat misses you.
You closely miss the bat. The bat misses you.
The giant cockroach bites you but does no damage.
The giant cockroach barely misses you. The bat hits you.
The bat barely misses you. x2
You closely miss the bat. The bat hits you but does no damage.
The gnoll hits you with a +0 whip.
* * * LOW HITPOINT WARNING * * *
You open the door. The bat barely misses you.
The bat hits you but does no damage. The gnoll hits you but does no damage.
The worm bites you!
You die...

...#.###+###
.#.#.##....#
...........#
#.......+
+.......#
#....<..+
#.gS....#..
#B#w........
#.#@#####....
#.g....# ...
#..b...# ..
#......# .
#......#
#......#
########


You could see a worm, 2 gnolls, a bat and a ball python.

Vanquished Creatures
  A gnoll (D:1)
  3 ball pythons (D:1)
  A bat (D:1)
  2 endoplasms (D:1)
  2 goblins (D:1)
  A quokka (D:1)
  2 frilled lizards (D:1)
  9 rats (D:1)
21 creatures vanquished.

Notes
Turn   | Place    | Note
-------+----------+-------------------------------------------
     0 | D:1      | Kenran the Minotaur Monk began the quest for the Orb.
     0 | D:1      | Reached XP level 1. HP: 19/19 MP: 0/0
    72 | D:1      | Found a faded altar of an unknown god.
    83 | D:1      | Prayed at the altar of an unknown god.
    83 | D:1      | Became a worshipper of Ru the Awakened
    87 | D:1      | Gained mutation: You cannot study or cast Poison magic. [Ru
                  | sacrifice]
    87 | D:1      | Gained mutation: You cannot study or cast Hexes magic. [Ru
                  | sacrifice]
    87 | D:1      | Gained mutation: You cannot study or cast Summoning magic.
                  | [Ru sacrifice]
    87 | D:1      | Reached * piety under Ru
   224 | D:1      | Reached XP level 2. HP: 27/27 MP: 1/1
   584 | D:1      | Reached XP level 3. HP: 10/33 MP: 2/2
   800 | D:2      | Slain by a worm

Illustrated notes

Levels and vault maps discovered:
D:1:      erik_arrival_triangle_huge, layout_rooms,
          ebering_ecumenical_altar_mist, minmay_rat_gold_closets
D:2:      cheibrodos_old_hovel, layout_basic, roderic_serpentine_path,
          minmay_fractal_squares_5

Skill      XL: |  1  2 |
---------------+-------+-----
Fighting       | 4 |  4.0
Unarmed Combat | 4 |  4.4
Dodging        | |  3.2
Stealth        | |  1.5

Action                   || total
-------------------------++-------
Melee: Unarmed           ||    39
       Headbutt          ||     7
Invok: Sacrifice Arcana  ||     1
 Stab: Sleeping          ||     3
Armor: Robe              ||     6
Dodge: Dodged            ||    33
